[Event "Reykjavik Open 2025"]
[Site "Reykjavik"]
[Date "2025.04.09"]
[Round "1.42"]
[White "Stefansson, Hannes"]
[Black "Patel, Zain"]
[Result "1-0"]
[Annotator "ChessBase"]
[ECO "A34"]
[WhiteElo "2420"]
[BlackElo "2079"]
[PlyCount "73"]
[EventDate "2025.04.09"]
[EventType "swiss"]
[EventCountry "ISL"]
[SourceTitle "playchess.com"]
[Source "ChessBase"]
[SourceQuality "1"]
[TimeControl "40/5400+30:1800+30"]

1. Nf3 Nf6 2. c4 e6 3. Nc3 c5 4. e3 Be7 5. b3 O-O 6. Bb2 b6 7. Qc2 Bb7 8. Ng5 g6 9. h4 h5 10. Bd3 Qe8 11. Nce4 Nxe4 12. Nxe4 d5 13. Nf6+ Bxf6 14. Bxf6 e5 15. cxd5 Bxd5 16. Qc3 Nd7 17. Bb5 Qe6 18. Bg5 a6 19. Bxd7 Qxd7 20. Qxe5 f6 21. Bxf6 Rae8 22. Qg5 Qf7 23. f3 Bxf3 24. gxf3 Qxf6 25. Qxf6 Rxf6 26. Ke2 b5 27. Rac1 Rc8 28. d4 Rfc6 29. d5 Rb6 30. Rc2 Kf7 31. Rhc1 c4 32. e4 Rb7 33. Ke3 Rbc7 34. bxc4 Rxc4 35. Rxc4 Rxc4 36. Rxc4 bxc4 37. f4 1-0

[Event "Reykjavik Open 2025"]
[Site "Reykjavik"]
[Date "2025.04.09"]
[Round "1.43"]
[White "Mensing, Adrian"]
[Black "Yankelevich, Lev"]
[Result "0-1"]
[Annotator "ChessBase"]
[ECO "E11"]
[WhiteElo "2078"]
[BlackElo "2413"]
[PlyCount "85"]
[EventDate "2025.04.09"]
[EventType "swiss"]
[EventCountry "ISL"]
[SourceTitle "playchess.com"]
[Source "ChessBase"]
[SourceQuality "1"]
[TimeControl "40/5400+30:1800+30"]

1. d4 Nf6 2. c4 e6 3. g3 Bb4+ 4. Nd2 O-O 5. Bg2 d6 6. Ngf3 a5 7. a3 Bxd2+ 8. Nxd2 e5 9. dxe5 dxe5 10. O-O Qe7 11. Qc2 Nc6 12. Re1 a4 13. Qc3 Bf5 14. e4 Be6 15. Nf1 Nd4 16. Bg5 h6 17. Be3 Nb3 18. Rad1 Ng4 19. h3 Nxe3 20. Nxe3 Qc5 21. Kh2 Rad8 22. f4 f6 23. Nd5 c6 24. fxe5 cxd5 25. exd5 Bf5 26. e6 Rfe8 27. Rf1 Bh7 28. Bf3 Bg6 29. Bg4 h5 30. Be2 Qd6 31. Rf4 Qe5 32. Qxe5 fxe5 33. Rh4 Bc2 34. Rf1 g6 35. Kg2 Nd4 36. Bd1 Bxd1 37. Rxd4 exd4 38. Rxd1 b5 39. Kf3 bxc4 40. Ke4 d3 41. Ke5 Rb8 42. Rd2 Rb5 43. Kd4 0-1

[Event "Reykjavik Open 2025"]
[Site "Reykjavik"]
[Date "2025.04.09"]
[Round "1.44"]
[White "Fantinel, Thibault"]
[Black "Adams, Henry"]
[Result "1-0"]
[Annotator "RC"]
[ECO "A13"]
[WhiteElo "2411"]
[BlackElo "2077"]
[PlyCount "109"]
[EventDate "2025.04.09"]
[EventType "swiss"]
[EventCountry "ISL"]
[SourceTitle "playchess.com"]
[Source "ChessBase"]
[SourceQuality "1"]
[TimeControl "40/5400+30:1800+30"]

1. c4 Nf6 2. g3 e6 3. Bg2 d5 4. Nf3 dxc4 5. Qa4+ Nbd7 6. Qxc4 a6 7. Qc2 c5 8. Nc3 Be7 9. a4 O-O 10. O-O Rb8 11. a5 b5 12. axb6 Qxb6 13. d3 Bb7 14. Bf4 Bd6 15. Bxd6 Qxd6 16. Nd2 Bxg2 17. Kxg2 Nd5 18. Nc4 Qc6 19. Kg1 N7b6 20. Na5 Qc7 21. Ne4 Rfc8 22. Rfc1 Nd7 23. Qd2 Rb4 24. Nc4 Qc6 25. Ra5 Ra8 26. Rca1 h6 27. Qc1 Rb5 28. R5a3 Nb4 29. Ned6 Rbb8 30. Ra5 Qd5 31. Qf4 Nf6 32. Rc1 Nc6 33. Ne3 Qd4 34. Raxc5 Qxf4 35. gxf4 Nd4 36. Kf1 Rxb2 37. Nd1 Rd2 38. e3 Nb3 39. Rc8+ Rxc8 40. Rxc8+ Kh7 41. Ke1 Rxd3 42. Nxf7 Rd5 43. Rh8+ Kg6 44. Ne5+ Kh5 45. Nc3 Rc5 46. Ne2 a5 47. Kf1 Nd2+ 48. Kg2 Nde4 49. Nd4 Rc7 50. f3 Nd6 51. Kh3 Nf5 52. Ne2 Nd7 53. e4 Nxe5 54. exf5 Nxf3 55. Ng3# 1-0

[Event "Reykjavik Open 2025"]
[Site "Reykjavik"]
[Date "2025.04.10"]
[Round "3.1"]
[White "Maghsoodloo, Parham"]
[Black "Licznerski, Lukasz"]
[Result "1-0"]
[Annotator "RC"]
[ECO "D17"]
[WhiteElo "2684"]
[BlackElo "2436"]
[PlyCount "82"]
[EventDate "2025.04.09"]
[EventType "swiss"]
[EventCountry "ISL"]
[SourceTitle "playchess.com"]
[Source "ChessBase"]
[SourceQuality "1"]
[TimeControl "40/5400+30:1800+30"]

1. c4 c6 2. d4 d5 3. Nf3 Nf6 4. Nc3 dxc4 5. a4 Bf5 6. Ne5 e6 7. f3 Bb4 8. e4 Bxe4 9. fxe4 Nxe4 10. Bd2 Qxd4 11. Nxe4 Qxe4+ 12. Qe2 Bxd2+ 13. Kxd2 Qd5+ 14. Kc3 Na6 15. Qe3 Qa5+ 16. Kc2 Nb4+ 17. Kc1 Qd5 18. Be2 c3 19. Ra3 O-O 20. bxc3 Qxg2 21. Re1 Nd5 22. Qg3 Qxg3 23. hxg3 Rad8 24. Rb3 f6 25. Nd3 b6 26. c4 Nc7 27. Nb4 Rd6 28. Bf3 Rf7 29. a5 bxa5 30. Nxc6 Na6 31. Rd1 Rxd1+ 32. Kxd1 Rd7+ 33. Kc2 Rc7 34. Kc3 Nc5 35. Rb5 Na4+ 36. Kd4 Rd7+ 37. Ke3 a6 38. Rb8+ Kf7 39. Nxa5 Rc7 40. Bc6 Nc5 41. Kd4 Nd7 1-0

[Event "Reykjavik Open 2025"]
[Site "Reykjavik"]
[Date "2025.04.10"]
[Round "3.2"]
[White "Prraneeth Vuppala"]
[Black "Ivic, Velimir"]
[Result "0-1"]
[Annotator "TA"]
[ECO "B33"]
[WhiteElo "2433"]
[BlackElo "2623"]
[PlyCount "182"]
[EventDate "2025.04.09"]
[EventType "swiss"]
[EventCountry "ISL"]
[SourceTitle "playchess.com"]
[Source "ChessBase"]
[SourceQuality "1"]
[TimeControl "40/5400+30:1800+30"]

1. e4 c5 2. Nf3 Nc6 3. d4 cxd4 4. Nxd4 Nf6 5. Nc3 e5 6. Ndb5 d6 7. Nd5 Nxd5 8. exd5 Nb8 9. a4 Be7 {[%emt 0:00:50] B33: Sicilian: Pelikan and Sveshnikov Variations.} 10. Bd2 O-O 11. a5 Bf5 $5 {[%emt 0:05:03][%mdl 4] The position is equal. A promising side line.} 12. Be3 Na6 13. c3 Qb8 $146 (13... Nc5 14. b4 a6 15. Nxd6 Bxd6 16. bxc5 Bc7 17. Bc4 Bxa5 18. Qb3 Rb8 19. O-O b6 {1-0 Arjun,K (2513)-Sanket,C (2275) Dubai op 22nd 2022 (9)}) 14. Be2 Nc7 15. O-O Nxb5 16. Bxb5 Qc7 17. a6 b6 18. Ra4 Rac8 19. f4 exf4 20. Raxf4 Bg5 21. Rxf5 Bxe3+ 22. Kh1 g6 23. R5f3 Bh6 24. Qd4 Bg7 25. Qh4 Be5 26. g4 f6 27. Qf2 Rf7 28. Qe2 Rcf8 29. Qc4 Qd8 30. Qe4 Kh8 31. Qe2 Qc8 32. Qc4 (32. Qe4 $11) 32... Rc7 (32... Qxc4 $15 33. Bxc4 Rc8) 33. Qe4 Rc5 34. Bd3 Qd7 35. Rh3 Kg8 36. Qg2 b5 37. Rff3 Qg7 (37... Rxd5 38. Rxf6 Rxf6 39. Qxd5+ Qf7 40. Qxf7+ (40. Qxb5 d5 $11) 40... Rxf7 41. Bxb5 $16) (37... Qc8 38. Bf5 Qxa6 (38... gxf5 $2 39. gxf5+ Kf7 40. Rxh7+ Ke8 41. Qg7 $18) 39. Be6+ Kh8 40. g5 $11) (37... b4 $17 38. cxb4 Rc1+ 39. Rf1 Rxf1+ 40. Bxf1 f5) 38. Rh4 $11 b4 39. Rfh3 {[%emt 0:00:29] Counterplay Black} bxc3 40. Rxh7 Qxh7 41. Rxh7 Kxh7 42. bxc3 Rxc3 43. Qe4 Rg8 44. h4 ({Better is} 44. Kg2 $15) 44... Rg7 $2 (44... f5 $1 $17 45. Qf3 fxg4) 45. h5 Kg8 46. hxg6 Re7 47. Kg2 Kg7 48. Qf5 Rb3 49. Kf3 $2 {[%emt 0:05:06][%mdl 8192] Black converts the advantage convincingly.} (49. g5 $11) 49... Bd4 $19 50. g5 (50. Kf4 $142 Ra3 51. g5) 50... fxg5 (50... Re3+ 51. Kg4 Rbxd3 (51... Rexd3 52. Qd7+ Kxg6 53. Qe8+ Kg7 54. Qd7+ Kg8 55. Qd8+ Kf7 56. Qd7+ Kg6 57. Qe8+ Kg7 58. Qd7+ Kg6 $11) 52. Qd7+ Kxg6 53. Qf5+ Kf7 54. Qd7+ Kg6 55. Qf5+ Kf7 56. Qd7+ Kg6 $11) (50... Rxd3+ $142 51. Qxd3 Re3+ 52. Qxe3 Bxe3 53. gxf6+ Kxf6 54. Kxe3 Kxg6) 51. Kg4 Rb2 (51... Bf6 $142 {And now ...Re3 would win.} 52. Kf3 Rb4) 52. Qf3 (52. Bc2) 52... Bf6 {[%emt 0:01:28] Active counter play!} 53. Bf5 Re1 {[%emt 0:02:38] ( -> ...Rg1+) Repels Qh1} 54. Qa3 Rg1+ 55. Kf3 Rf1+ 56. Ke3 Rxf5 57. Qxd6 Kxg6 58. Qd7 Re5+ 59. Kd3 Re7 60. Qc8 Rb3+ 61. Kd2 Rb2+ 62. Kd3 $1 Rb6 (62... Rb4 $142 63. Kc2 Rd4 64. Qg8+ Bg7 65. Kb3 Re3+ 66. Kc2 Re2+ 67. Kb3 Rde4 68. d6 Rb2+ 69. Ka3 Re3+ (69... Re1 70. Qxg7+ Kxg7 71. Kxb2 Rd1 72. Kc2 Rxd6 73. Kc3 g4 74. Kb4 g3 75. Kc5 Rd1 76. Kc4 g2 77. Kb5 g1=Q 78. Kc4 Qd4+ 79. Kb3 Rb1+ 80. Kc2 Rb2+ 81. Kc1 Qd2#) 70. Ka4 Re1 71. Qb3 Re4+ 72. Ka3 Rxb3+ 73. Kxb3 Rd4 74. Kb2 g4 (74... Rxd6+ {is a self mate.} 75. Kb3 g4 76. Kb4 g3 77. Kc5 Rb6 78. Kc4 g2 79. Kd3 g1=Q 80. Ke4 Qg3 81. Kd5 Qe5+ 82. Kc4 Qd4#) 75. Kc3 g3 (75... Rxd6+ 76. Kb4 g3 77. Kb5 g2 78. Kc5 Rd4 79. Kc6 g1=Q 80. Kc7 Rc4+ 81. Kd6 Qd1+ 82. Ke7 Re4#) 76. d7 g2 (76... Rxd7+ 77. Kb4 g2 78. Kb5 g1=Q 79. Kb4 Rd4+ 80. Kc3 Qd1 81. Kb2 Ra4#) 77. d8=Q Rxd8+ 78. Kc4 g1=Q (78... g1=R 79. Kb5 Rc1 80. Kb4 Rb8+ 81. Ka5 Ra1#) 79. Kb3 Rb8+ 80. Kc2 Rb2+ 81. Kd3 Qd4#) 63. Qg8+ Bg7 64. Qd8 {[%emt 0:00:20] Prevents Rc7} Rf7 {[%emt 0:00:38] ( -> ...Rf3+)} 65. d6 Rb4 66. Ke3 {[%emt 0:01:21] Wards off Rf3+} Rd4 67. Qb8 Rd5 68. Ke4 Rd1 69. Ke3 Kh6 70. Qb3 Re1+ $2 (70... Rxd6 71. Qxf7 Rxa6 72. Qd5 $11) (70... Rff1 {( -> ...Rfe1+)} 71. Qe6+ Bf6) 71. Kd2 Ref1 {[%emt 0:00:34] ( -> ...R7f2+)} 72. Qh3+ Kg6 73. Qd3+ R1f5 74. d7 Bf6 75. d8=Q Bxd8 76. Qxd8 {[%emt 0:00:02][%mdl 4096] Endgame KQ-KRR} g4 77. Qg8+ $2 (77. Qh4 Rf4 78. Qd8) 77... Kh5 78. Qh8+ Kg5 79. Qd8+ Kf4 80. Qd4+ (80. Qh4 $142 Kf3 81. Qh1+ Kg3 82. Qg1+ Kh4 83. Qh2+ Kg5 84. Qb8) 80... Kf3 81. Qe3+ Kg2 82. Qe4+ Kg3 83. Qe3+ Kh2 {[%emt 0:00:49] ( -> ...Rf2+)} 84. Qh6+ Kg2 {[%emt 0:00:11] ( -> ...g3)} 85. Qc6+ Rf3 {[%emt 0:00:34] Black mates.} 86. Qe4 g3 87. Ke2 Kg1 88. Qd4+ Rf2+ 89. Ke1 R7f3 90. Qxa7 Ra3 91. Qg7 {[%emt 0:00:05] [#]} Ra1+ $3 {[%emt 0:00:09][%mdl 512] Weighted Error Value: White=0.70/Black=0.24 (precise)   Loses game:     	White=1     	---        Mistake:       	White=5     	Black=4      Inaccurate:     	White=4     	Black=1      OK:         	White=16    	Black=19     Best:        	White=9     	Black=9} 0-1

[Event "Reykjavik Open 2025"]
[Site "Reykjavik"]
[Date "2025.04.10"]
[Round "3.3"]
[White "Lu, Shanglei"]
[Black "Yankelevich, Lev"]
[Result "1/2-1/2"]
[Annotator "TA"]
[ECO "C43"]
[WhiteElo "2618"]
[BlackElo "2413"]
[PlyCount "56"]
[EventDate "2025.04.09"]
[EventType "swiss"]
[EventCountry "ISL"]
[SourceTitle "playchess.com"]
[Source "ChessBase"]
[SourceQuality "1"]
[TimeControl "40/5400+30:1800+30"]

1. e4 e5 2. Nf3 Nf6 3. d4 Nxe4 4. Bd3 d5 5. Nxe5 Nd7 6. Nxd7 Bxd7 7. O-O Bd6 8. Nc3 Nxc3 9. bxc3 O-O 10. Qh5 {[%emt 0:01:01][%csl Gd3,LRd5,LRh7][%cal Rh5h7] [#] Dodges Qh4. C43: Petroff Defence: 3 d4.} f5 {[%emt 0:00:50] A sharp opening} 11. Bg5 Qe8 12. Qf3 c6 13. Rfe1 {[%emt 0:02:08] Repels f4} Qb8 14. h3 $146 (14. h4 h6 15. Be7 Bxe7 16. Rxe7 Qd6 17. Rae1 Rae8 18. Rxe8 Bxe8 19. Re5 Bd7 20. h5 {½-½ Szpar,M (2447)-Nguyen,N (2645) Titled Tuesday intern op 25th Apr Early blitz 2023 (9)}) 14... b5 15. a4 {[%emt 0:11:31] [#] And now axb5 would win.} a6 16. Be7 Re8 17. Bxd6 Qxd6 18. axb5 (18. Bxf5 Rxe1+ 19. Rxe1 Rf8 $17 (19... bxa4 20. Bxd7 Qxd7 21. Qe2 $14)) 18... Rxe1+ 19. Rxe1 axb5 20. Re5 (20. Bxf5 Rf8 21. Re5 Qh6 (21... g6 22. Qg3 $16)) 20... Rf8 21. h4 Qa3 22. Qf4 (22. Bxf5 g6 23. Bxd7 Qc1+ 24. Kh2 Rxf3 (24... Qxc2 $2 25. Re8 $18) 25. gxf3 Qxc2 $17) 22... Rf7 23. Qg5 (23. Bxf5 $2 g6 (23... Qxc3 $2 {is the wrong capture.} 24. Bxh7+ Kf8 25. Qc1 $18) 24. g4 gxf5 $19) 23... h6 24. Qd8+ Qf8 $1 ({Don't play} 24... Kh7 $6 25. Re1 $16) 25. Qc7 h5 26. Kh2 g6 27. Re3 Re7 28. Qd6 Kf7 {[%emt 0:02:08] A rather calm draw.   Weighted Error Value: White=0.03 (flawless) /Black=0.06 (flawless)   OK:         	White=10    	Black=8      Strong:       	---       	Black=1} 1/2-1/2

[Event "Reykjavik Open 2025"]
[Site "Reykjavik"]
[Date "2025.04.10"]
[Round "3.4"]
[White "Ivanchuk, Vasyl"]
[Black "Kirk, Ezra"]
[Result "1-0"]
[Annotator "TA"]
[ECO "E95"]
[WhiteElo "2604"]
[BlackElo "2394"]
[PlyCount "57"]
[EventDate "2025.04.09"]
[EventType "swiss"]
[EventCountry "ISL"]
[SourceTitle "playchess.com"]
[Source "ChessBase"]
[SourceQuality "1"]
[TimeControl "40/5400+30:1800+30"]

1. d4 Nf6 2. c4 g6 3. Nc3 Bg7 4. e4 d6 5. Be2 O-O 6. Nf3 Nbd7 7. O-O e5 8. Re1 Qe7 {[%emt 0:04:49] E95: King's Indian: Classical: 7...Nbd7 8 Re1.} 9. Bf1 h6 10. Rb1 c6 {[%emt 0:08:07] White is slightly better.} 11. a3 $5 {[%emt 0:34:48][%mdl 4] A promising side line.} Re8 12. d5 c5 (12... a6 $14 {should be considered.}) 13. b4 b6 $146 {[%emt 0:06:11] White has space advantage and is better} (13... Rf8 14. Na4 b6 15. bxc5 bxc5 16. Nc3 Ne8 17. Qa4 a6 18. Re2 f5 19. Ne1 fxe4 20. Nxe4 {0-1 Ochsner,B (2398)-Mikkelsen,N (2473) DEN-ch Svendborg 2016 (9)}) 14. Qa4 Nf8 15. bxc5 bxc5 16. Qa5 Rd8 17. Be2 Nh5 18. g3 {[%emt 0:01:23] White has more active pieces. The black rooks are passive.} f5 19. exf5 gxf5 $2 {[%emt 0:11:03] [#] Loses the game.} (19... Bxf5 $16 {might work better.} 20. Rb3 Nf6) 20. Nxe5 $1 $18 Qxe5 (20... Bxe5 21. Bxh5) 21. Bb2 Re8 (21... f4 {is a better chance.}) 22. Bxh5 Qxe1+ 23. Rxe1 Rxe1+ 24. Kg2 Re7 25. Bc1 Rd7 26. Bf4 {[%emt 0:02:05] White is clearly winning.} Ba6 27. Qxa6 Bxc3 28. Bxd6 {[%emt 0:00:22] A strong pair of Bishops.} Bd4 29. Bf4 {[%emt 0:01:03] Weighted Error Value: White=0.27 (precise) /Black=0.70  Loses game:     	---       	Black=1      Mistake:       	---       	Black=2      Inaccurate:     	White=1     	Black=3      OK:         	White=7     	Black=5      Best:        	White=1     	---} 1-0

[Event "Reykjavik Open 2025"]
[Site "Reykjavik"]
[Date "2025.04.10"]
[Round "3.5"]
[White "Lu, Miaoyi"]
[Black "Banusz, Tamas"]
[Result "1/2-1/2"]
[Annotator "TA"]
[ECO "B33"]
[WhiteElo "2429"]
[BlackElo "2592"]
[PlyCount "101"]
[EventDate "2025.04.09"]
[EventType "swiss"]
[EventCountry "ISL"]
[SourceTitle "playchess.com"]
[Source "ChessBase"]
[SourceQuality "1"]
[TimeControl "40/5400+30:1800+30"]

1. e4 c5 2. Nf3 Nc6 3. d4 cxd4 4. Nxd4 Nf6 5. Nc3 e5 6. Ndb5 d6 7. Nd5 Nxd5 8. exd5 Nb8 9. Qd3 {[%emt 0:01:19][%cal Oc1g5] B33: Sicilian: Pelikan and Sveshnikov Variations.} a6 10. Qa3 Be7 11. Bg5 f6 12. Bd2 O-O 13. Bb4 axb5 14. Qxa8 Na6 15. Bd2 Qc7 16. c3 (16. Bxb5 $2 Bd7 (16... Qxc2 17. Bxa6 bxa6 18. Qc6 $15) 17. Qa7 Bxb5 $19) 16... Qc5 $146 {[%emt 0:02:31] Repels Qa7} (16... Be6 17. Qa7 Bxd5 18. Bxb5 Nc5 19. O-O f5 20. Be3 Nd7 21. Rfd1 Be6 22. f4 g5 23. fxe5 Nxe5 {1-0 Erigaisi,A (2712)-Vachier Lagrave,M (2727) Tata Steel India blitz 2023 (7)}) 17. Be3 Qxd5 {[%emt 0:01:07] [#]} 18. Qa7 f5 {[%emt 0:13:23] and ...f4 would now be decisive} 19. f3 Bh4+ ({Better is} 19... Bd7 $11) 20. Bf2 $14 Bg5 21. Rd1 {[%emt 0:03:10] Repels Qd2+} Qxa2 22. Bxb5 (22. Rxd6 Qxb2 23. Be2 h5 $15 (23... Qxc3+ 24. Kf1 $17)) (22. Qb6 {simplifies} b4 23. Bxa6 Qxa6 24. Qxa6 bxa6 25. Rxd6 Re8 26. O-O) 22... Qxb2 23. Bc4+ Kh8 24. O-O (24. Rxd6 $2 Qxc3+ 25. Ke2 Qxc4+ $19) 24... Qxc3 25. Bxa6 bxa6 26. Rxd6 Rg8 (26... h6 $14) 27. Rfd1 {[%emt 0:11:34][%mdl 1024] White has strong rooks and is better White has strong compensation.} Qc4 28. Be3 f4 29. Bb6 h6 30. Qc7 {[%emt 0:11:18] White has more active pieces.} Qb3 31. R6d3 Qe6 32. Re1 Qg6 33. Rdd1 (33. Rd6 $14 Bf6 34. Kh1) 33... Bf6 (33... Bh3 $5 34. Qd6 (34. gxh3 $2 Bd8+ 35. Kh1 Bxc7 $19) 34... Bf6 $16) 34. Kh1 Bf5 35. Qb7 Re8 36. Bc7 (36. Qxa6 Bh4 37. Re2 e4 $15) 36... Kh7 37. Qxa6 e4 38. Bxf4 exf3 39. gxf3 Bd3 {[%emt 0:04:28] This pair of bishops is nice.} 40. Qa2 $1 (40. Qxd3 $2 Rxe1+ 41. Rxe1 Qxd3 $19) 40... Rxe1+ 41. Rxe1 Qf5 $1 {[%emt 0:30:54] [#]} 42. Qd2 (42. Qb3 $1 $16) 42... g5 $11 43. Re3 {[%emt 0:00:00] and Bxg5 would now be decisive} Bb5 44. Bg3 g4 (44... Bc6 $11 {remains equal.}) 45. Qd1 (45. f4 $16) 45... gxf3 {[%emt 0:00:00] The position is equal.} 46. Kg1 (46. Qxf3 $2 {loses.} Bc6 47. Kg2 Bxf3+ $19) 46... Be2 47. Rxe2 fxe2 48. Qxe2 Bd4+ 49. Bf2 Qxf2+ 50. Qxf2 Bxf2+ 51. Kxf2 {[%emt 0:00:00] Weighted Error Value: White=0.10 (very precise) /Black=0.12 (very precise)   Mistake:       	White=3     	Black=3      Inaccurate:     	White=2     	Black=3      OK:         	White=19    	Black=17     Best:        	White=2     	Black=6      Strong:       	White=1     	Black=1} 1/2-1/2

[Event "Reykjavik Open 2025"]
[Site "Reykjavik"]
[Date "2025.04.10"]
[Round "3.6"]
[White "Muradli, Mahammad"]
[Black "Willems, Niels"]
[Result "1-0"]
[Annotator "TA"]
[ECO "A34"]
[WhiteElo "2588"]
[BlackElo "2394"]
[PlyCount "103"]
[EventDate "2025.04.09"]
[EventType "swiss"]
[EventCountry "ISL"]
[SourceTitle "playchess.com"]
[Source "ChessBase"]
[SourceQuality "1"]
[TimeControl "40/5400+30:1800+30"]

1. Nf3 Nf6 2. c4 c5 3. Nc3 Nc6 4. g3 d5 5. d4 cxd4 6. Nxd4 dxc4 7. Nxc6 Qxd1+ 8. Nxd1 bxc6 9. Bg2 Nd5 10. Ne3 e6 {[%emt 0:00:16] A34: Symmetrical English: 2 Nc3, lines with ...d5.} 11. Nxc4 Ba6 12. Na5 Rc8 {[%emt 0:00:31] The position is equal.} 13. Bd2 Be7 14. Rc1 c5 15. b3 O-O 16. O-O Rfd8 (16... Bxe2 $2 17. Rfe1 $18) 17. Bf3 Bf6 18. Rfd1 Bb2 19. Rc2 Ba3 (19... Nc3 $2 20. Re1 $18 (20. Bxc3 $2 Rxd1+ 21. Kg2 Bxc3 $19)) 20. Be1 $146 (20. Nc4 Bxc4 21. bxc4 Nb4 22. Rc3 Bb2 23. Rb3 Bf6 24. e3 Nxa2 25. Ra3 Nb4 26. Rxa7 {½-½ Navara,D (2729)-L'Ami,E (2613) Tata Steel-B 77th 2015 (1)}) 20... Nb6 21. Rxd8+ Rxd8 22. Bd2 Rd7 23. Nc6 {[%emt 0:08:03] [#]} Bb5 24. Be3 Bxc6 $1 25. Bxc6 Rc7 26. Rd2 Kf8 27. Rd8+ Ke7 28. Re8+ Kf6 29. Be4 {[%emt 0:03:22][%cal Oh2h4] This pair of bishops is nice.} Nd5 30. Bxd5 ({Weaker is} 30. Bxh7 Nxe3 31. fxe3 g6 $17) 30... exd5 $11 {[%emt 0:00:09][%mdl 4096] Endgame KRB-KRB} 31. Bf4 Rc6 32. Rd8 c4 33. Rxd5 c3 34. Ra5 $1 Bb2 35. Be5+ Ke6 (35... Kg6 $1 $15) 36. Bxg7 f6 37. Rxa7 Bc1 {[%emt 0:02:39][%cal Oc1e3] and ...Be3! would now be decisive Prevents Bh6} 38. Bf8 f5 ({Black should try} 38... h6 $14) 39. Rxh7 $18 c2 {[%emt 0:00:29] [#]} 40. Kg2 $1 Rc8 41. Bb4 Bg5 42. Ba3 {[%emt 0:00:00] and f4 would now be decisive} f4 $2 {[%emt 0:03:42] Loses the game.} (42... c1=B $16) 43. h4 Bd8 44. Bc1 (44. gxf4 c1=Q 45. Bxc1 Rxc1 $18) 44... fxg3 45. fxg3 (45. Kxg3 Rc5 46. e4 Rc3+ 47. Kg4 Rd3 48. Rh6+ Kd7 $14) 45... Ra8 46. a4 Ba5 47. Rh5 Bb4 48. Rg5 Rb8 (48... Kf7 $142 49. g4 (49. Kf3 Rd8 $18) 49... Rd8) 49. Rb5 Rxb5 50. axb5 Kd5 51. h5 (51. Kf3 $142 Be7 52. h5 Kc5 53. g4 Kd6 54. b6 Ke5 55. g5 Kf5 56. g6) 51... Kc5 52. Kf3 {[%emt 0:00:00] Weighted Error Value: White=0.19 (very precise) /Black=0.49  Loses game:     	---       	Black=1      Mistake:       	---       	Black=3      Inaccurate:     	White=2     	Black=4      OK:         	White=23    	Black=18     Best:        	White=4     	Black=1      Strong:       	White=1     	Black=1} 1-0

[Event "Reykjavik Open 2025"]
[Site "Reykjavik"]
[Date "2025.04.10"]
[Round "3.7"]
[White "Terrieux, Kevin"]
[Black "Gupta, Abhijeet"]
[Result "0-1"]
[Annotator "TA"]
[ECO "B51"]
[WhiteElo "2394"]
[BlackElo "2576"]
[PlyCount "108"]
[EventDate "2025.04.09"]
[EventType "swiss"]
[EventCountry "ISL"]
[SourceTitle "playchess.com"]
[Source "ChessBase"]
[SourceQuality "1"]
[TimeControl "40/5400+30:1800+30"]

1. e4 c5 2. Nf3 d6 3. Bb5+ Nd7 4. d4 cxd4 5. Qxd4 a6 6. Be2 {[%emt 0:00:11] B51: Sicilian: Moscow Variation (3 Bb5+) without 3...Bd7.} Ngf6 7. O-O e6 8. c4 {[%emt 0:02:31] White is slightly better.} b6 $5 {[%emt 0:02:18][%mdl 4] Leaves trodden paths.} 9. Nc3 Bb7 10. Rd1 Be7 11. b3 O-O 12. Ba3 Nc5 13. e5 $146 (13. Nd2 Qc7 14. b4 Ncd7 15. Bb2 Rac8 16. Rac1 Rfe8 17. a3 Qb8 18. Nf1 Bd8 19. Ng3 {0-1 Huschenbeth,N (2612)-Vachier Lagrave,M (2778) Bundesliga 1920 final 2020 (2.1)}) 13... dxe5 14. Qxe5 Qc8 {[%emt 0:03:25] Threatens to win with ...Ncd7.} 15. Bb2 Ncd7 16. Qf4 Qc6 17. Ne1 e5 18. Qf5 g6 19. Qh3 Rad8 20. Nf3 Qc8 21. Ng5 Nc5 22. Qxc8 Bxc8 (22... Rxc8 {simplifies} 23. Nf3 Bxf3 24. Bxf3 e4) 23. b4 Ne6 24. Nxe6 Bxe6 25. a3 a5 26. Nb5 axb4 27. axb4 ({Much weaker is} 27. Bxe5 Rxd1+ 28. Rxd1 bxa3 29. Nxa3 Rc8 $15) 27... Rxd1+ 28. Rxd1 Bxb4 29. Bxe5 Nd7 30. Bd4 Rc8 31. f3 Bc5 (31... Bxc4 $2 32. Rc1 $18) 32. Bxc5 Rxc5 33. Nd6 Kf8 34. Ne4 Ra5 35. f4 h6 36. Rd2 Ke7 37. Kf2 Ra3 38. Rd3 Ra4 39. Re3 Ra2 (39... Bxc4 $2 {perishes.} 40. Nc5+ (40. Nc3+ Be6 $18) 40... Be6 41. Nxa4 $18) 40. Nc3 Rb2 41. Nb5 Kd8 42. Kf3 Nc5 43. g4 Rd2 44. h3 f5 45. g5 h5 46. Rc3 h4 47. Ke3 Ra2 48. Rc1 {[%emt 0:02:11] [#]} (48. Nd4 $11) 48... Bd7 $1 $17 {[%emt 0:01:50] Black is more active.} 49. Bf3 {[%emt 0:06:28] [#]} (49. Rd1 $142) 49... Rh2 (49... Bxb5 $1 $17 50. cxb5 Ra3+ 51. Ke2 Ke7) 50. Rh1 Rc2 51. Kd4 $2 (51. Bd5 $11) 51... Rd2+ $19 {[%emt 0:01:35] Black is clearly winning.} 52. Ke5 Bxb5 53. cxb5 Ke7 54. Bc6 Rd6 {[%emt 0:01:20] Weighted Error Value: White=0.27 (precise) /Black=0.09 (flawless)   Loses game:     	White=1     	---        Mistake:       	White=2     	Black=1      Inaccurate:     	White=1     	Black=3      OK:         	White=15    	Black=17     Best:        	White=1     	Black=1      Strong:       	---       	Black=1} 0-1